 Dungeon Crawl Stone Soup version 0.26.0-10-g1f06aea511 (webtiles) character file.

Game seed: 2699506726164073934

23478 Dracia the Thaumaturge (level 13, -9/101 HPs)
             Began as a Gnoll Warper on Jan 15, 2021.
             Was the Champion of Okawaru.
             Mangled by Rupert
             ... wielding a +1 battleaxe of freezing
              (31 damage)
             ... on level 2 of the Orcish Mines.
             The game lasted 00:41:34 (12827 turns).

Dracia the Thaumaturge (Gnoll Warper)              Turns: 12827, Time: 00:41:35

Health: -9/101     AC: 20    Str: 18    XL:     13   Next: 7%
Magic:  13/23      EV: 24    Int: 18    God:    Okawaru [******]
Gold:   1695       SH:  9    Dex: 18    Spells: 10/30 levels left

rFire    + . .     SeeInvis .   a - +9 trident of the Wasteland {flame, Str+3}
rCold    + . .     Faith    +   O - +1 buckler
rNeg     . . .     Spirit   .   s - +2 robe {rC+ rF+}
rPois    .         Reflect  .   S - +2 helmet
rElec    .         Harm     .   y - +2 cloak
rCorr    +         Rampage  +   A - +2 pair of gloves
Will     .....                  e - +2 pair of boots {rampage}
Stlth    +++++.....             T - amulet of faith {!P!P}
HPRegen  0.66/turn              R - ring of resist corrosion
MPRegen  0.18/turn              L - ring of flight

@: heroism, finesse
A: distributed training, fangs 1, slimy green scales 1, agile 1, deformed body,
low mp 1, regeneration 1, strong nose
a: Renounce Religion, Evoke Flight, Heroism, Finesse


You were on level 2 of the Orcish Mines.
You worshipped Okawaru.
Okawaru was exalted by your worship.
You visited 4 branches of the dungeon, and saw 15 of its levels.
You also visited: Bailey.

You collected 1695 gold pieces.


Innate Abilities, Weirdness & Mutations

Your experience applies equally to all skills.
You have very sharp teeth.
Your uncanny sense of smell can sniff out nearby items.
You are partially covered in slimy green scales. (AC +2)
You are agile. (Dex +2)
Armour fits poorly on your strangely shaped body.
Your magical capacity is low. (-10% MP)
Your natural rate of healing is unusually fast.


   Skills:
 + Level 9.2(14.2) Fighting
 + Level 7.9(12.9) Short Blades
 + Level 9.2(14.2) Long Blades
 + Level 7.9(12.9) Axes
 + Level 7.9(12.9) Maces & Flails
 + Level 7.9(12.9) Polearms
 + Level 7.9(12.9) Staves
 + Level 7.9(12.9) Slings
 + Level 7.9(12.9) Bows
 + Level 7.9(12.9) Crossbows
 + Level 8.4(13.4) Throwing
 + Level 8.4(13.4) Armour
 + Level 9.2(14.2) Dodging
 + Level 7.9(12.9) Stealth
 + Level 7.9(12.9) Shields
 + Level 7.9(12.9) Unarmed Combat
 + Level 9.4 Spellcasting
 + Level 6.6 Conjurations
 + Level 6.6 Hexes
 + Level 6.6 Summonings
 + Level 6.6 Necromancy
 + Level 8.6 Translocations
 + Level 6.6 Transmutations
 + Level 6.6 Fire Magic
 + Level 6.6 Ice Magic
 + Level 6.6 Air Magic
 + Level 6.6 Earth Magic
 + Level 6.6 Poison Magic
 + Level 8.7 Invocations
 + Level 7.9 Evocations


You had 10 spell levels left.
You knew the following spells:

 Your Spells              Type           Power        Failure   Level
g - Gell's Gravitas       Tloc           19%          1%          3
l - Lesser Beckoning      Tloc           19%          1%          3
m - Mephitic Cloud        Conj/Pois/Air  32%          1%          3
t - Alistair's Intoxicat  Tmut/Pois      21%          16%         5
u - Passage of Golubria   Tloc           N/A          2%          4
I - Blink                 Tloc           N/A          1%          2

Your spell library contained the following spells:

 Spells                   Type           Power        Failure   Level
 Apportation              Tloc           78%          1%          1
 Magic Dart               Conj           100%         1%          1
 Call Imp                 Summ           32%          1%          2
 Slow                     Hex            32%          1%          2
 Conjure Flame            Conj/Fire      32%          1%          3
 Teleport Other           Tloc           39%          1%          3
 Tukima's Dance           Hex            32%          1%          3
 Bolt of Magma            Conj/Fire/Erth 16%          16%         5
 Iskenderun's Battlesphe  Conj           32%          16%         5
 Invisibility             Hex            32%          65%         6
 Iron Shot                Conj/Erth      16%          65%         6
 Orb of Destruction       Conj           16%          99%         7
 Spellforged Servitor     Conj/Summ      16%          99%         7

Inventory:

Hand Weapons
 a - the +9 trident of the Wasteland (weapon) {flame, Str+3}
   (You found it on level 7 of the Dungeon)

   It has been specially enchanted to burn those struck by it, causing extra
   injury to most foes and up to half again as much damage against particularly
   susceptible opponents.
   It affects your strength (+3).
 b - a +3 vorpal hunting sling
 c - a +0 long sword of flaming
Missiles
 g - a throwing net {=f=f}
 j - 2 silver boomerangs
 r - 11 boomerangs
 J - 32 poisoned darts (quivered)
 X - 74 stones
 Y - 9 curare-tipped darts {=f=f}
Armour
 e - a +2 pair of boots of rampaging (worn)
 p - a scarf of invisibility
 s - a +2 robe of resistance (worn)
 y - a +2 cloak (worn)
 A - a +2 pair of gloves (worn)
 D - a scarf of repulsion
 O - a +1 buckler (worn)
 P - a +2 pair of boots
 S - a +2 helmet (worn)
Jewellery
 i - an uncursed amulet of inaccuracy
 C - an uncursed ring of protection from cold
 E - a +4 ring of evasion
 L - a ring of flight (right hand)
 Q - an uncursed ring of stealth
 R - a ring of resist corrosion (left hand)
 T - an amulet of faith (around neck) {!P!P}
 V - an uncursed amulet of reflection
Wands
 B - a wand of digging (13)
 G - a wand of disintegration (11)
 U - a wand of enslavement (8)
Scrolls
 d - 2 scrolls of blinking
 n - 3 scrolls of teleportation {@r4@r4}
 q - 2 scrolls of amnesia
 v - 5 scrolls of identify {@r1@r1}
 x - a scroll of holy word
 H - 9 scrolls of remove curse {@r2@r2}
 N - 3 scrolls of magic mapping
Potions
 f - 5 potions of brilliance
 h - a potion of flight
 k - 2 potions of curing {@q1@q1}
 l - 5 potions of haste {@q3@q3}
 m - a potion of invisibility
 o - a potion of might
 t - 2 potions of heal wounds {@q2@q2}
 z - 3 potions of cancellation
 M - a potion of berserk rage {!q!q}

Dungeon Overview and Level Annotations

Branches:
Dungeon (11/15)            Temple (1/1) D:7            Lair (1/6) D:10
    Orc (2/2) D:10         Bailey (visited)
    Elf: Orc:2

Altars:
Ashenzari
Cheibriados
Dithmenos
Elyvilon
Fedhas
Gozag
Hepliaklqana
Kikubaaqudgha
Makhleb
Nemelex Xobeh
Okawaru
Qazlal
Ru
Sif Muna
Trog
Uskayaw
Vehumet
Wu Jian
Xom
Yredelemnul
Zin
The Shining One

Shops:
D:9 :   Orc:2 (**

Portals:
Trove: D:10 (give 19 potions of curing)

Annotations:
D:8 2 transporters, emiel's ghost, novice DsWn
Orc:2 Rupert

.P............##...## #
P..........$.$......# #
.P......P..........# ##
...∩.....#........# ###.
P..(.....###.()##### #...
....8....#.......#.####...
.......(###..(.....##....P
..P....C(#....#.........PP
.........@@..###..........
.......#C..(.# ##..P......
......##...### #......8..
....###..$.. #.......∩.
###. ###.... #....P..... #
##..........PP.P..
#.......###...... .......
#...... ###..P.


You could see Rupert (berserk) and 2 cyclopes.


Message History

The orc sorcerer completely misses you. The cyclops hits you!!
* * * LOW HITPOINT WARNING * * *
Unknown command.
You hit the orc sorcerer. You burn the orc sorcerer.
You kill the orc sorcerer!
Okawaru accepts your kill.
The sun demon disappears in a puff of smoke!
The sixfirhy disappears in a puff of smoke!
You have reached level 13!
You hit the cyclops but do no damage.
The cyclops is severely wounded.
The stone giant closely misses you.
You puncture the cyclops! You burn the cyclops.
The cyclops is almost dead.
Unknown command.
You impale the cyclops!! You burn the cyclops.
You kill the cyclops!
Okawaru accepts your kill.
You puncture the stone giant! You burn the stone giant.
You kill the stone giant!
Okawaru is honoured by your kill.
The cyclops throws a large rock.
The large rock hits you!!
* * * LOW HITPOINT WARNING * * *
Rupert roars madly and goes into a rage!
Rupert goes berserk!
The cyclops throws a large rock.
The large rock misses you. Rupert misses you.
There is a stone staircase leading up, spattered with blood here.
You see here 3 large rocks {=f=f}.
Rupert hits you with a +1 battleaxe of freezing!!
You die...

Skill      XL: |  1  2  3  4  5  6  7  8  9 10 11 12 |
---------------+-------------------------------------+-----
Spellcasting   | 5 6 7 8 9 |  9.4
Invocations    | 1 2 3 4 5 6 7 8 |  8.7
Short Blades   | 1 2 3 4 5 6 7 |  7.9
Axes           | 1 2 3 4 5 6 7 |  7.9
Maces & Flails | 1 2 3 4 5 6 7 |  7.9
Polearms       | 1 2 3 4 5 6 7 |  7.9
Staves         | 1 2 3 4 5 6 7 |  7.9
Slings         | 1 2 3 4 5 6 7 |  7.9
Bows           | 1 2 3 4 5 6 7 |  7.9
Crossbows      | 1 2 3 4 5 6 7 |  7.9
Stealth        | 1 2 3 4 5 6 7 |  7.9
Shields        | 1 2 3 4 5 6 7 |  7.9
Unarmed Combat | 1 2 3 4 5 6 7 |  7.9
Evocations     | 1 2 3 4 5 6 7 |  7.9
Conjurations   | 1 2 3 4 5 6 |  6.6
Hexes          | 1 2 3 4 5 6 |  6.6
Summonings     | 1 2 3 4 5 6 |  6.6
Necromancy     | 1 2 3 4 5 6 |  6.6
Transmutations | 1 2 3 4 5 6 |  6.6
Fire Magic     | 1 2 3 4 5 6 |  6.6
Ice Magic      | 1 2 3 4 5 6 |  6.6
Air Magic      | 1 2 3 4 5 6 |  6.6
Earth Magic    | 1 2 3 4 5 6 |  6.6
Poison Magic   | 1 2 3 4 5 6 |  6.6
Throwing       | 3 4 5 6 7 8 |  8.4
Armour         | 3 4 5 6 7 8 |  8.4
Fighting       | 5 6 7 8 9 |  9.2
Long Blades    | 5 6 7 8 9 |  9.2
Dodging        | 5 6 7 8 9 |  9.2
Translocations | 6 7 8 |  8.6

Action                   |  1- 3 |  4- 6 |  7- 9 | 10-12 | 13-15 || total
-------------------------+-------+-------+-------+-------+-------++-------
Melee: Falchion          |   100 |    61 |       |       |       ||   161
       Bite              |     9 |    30 |    19 |    83 |       ||   141
       Punch             |     1 |     2 |       |       |       ||     3
       Long sword        |       |   153 |    40 |    46 |       ||   239
       Hand axe          |       |       |   142 |       |       ||   142
       Unarmed           |       |       |     2 |     9 |       ||    11
       Trident           |       |       |    68 |   577 |     4 ||   649
Throw: Dart              |       |       |       |    21 |       ||    21
 Cast: Mephitic Cloud    |       |       |     5 |    20 |       ||    25
       Gell's Gravitas   |       |       |     2 |     3 |       ||     5
       Lesser Beckoning  |       |       |       |     3 |       ||     3
       Blink             |       |       |       |     4 |       ||     4
       Alistair's Intoxi |       |       |       |     4 |       ||     4
Invok: Heroism           |       |       |       |     4 |       ||     4
       Finesse           |       |       |       |     1 |       ||     1
 Abil: Evoke Flight      |       |       |       |     2 |       ||     2
Evoke: Wand              |       |       |       |     6 |       ||     6
  Use: Scroll            |       |       |    18 |    10 |       ||    28
       Potion            |       |       |    13 |     1 |       ||    14
 Stab: Sleeping          |     1 |     3 |     6 |    10 |       ||    20
       Confused          |       |       |     4 |    17 |       ||    21
       Invisible         |       |       |       |     5 |       ||     5
       Distracted        |       |       |       |     2 |       ||     2
Armor: Leather armour    |    19 |    40 |    40 |       |       ||    99
       Steam dragon scal |       |       |     7 |    36 |       ||    43
       Robe              |       |       |       |   150 |       ||   150
       Skin              |       |       |       |     6 |       ||     6
Dodge: Dodged            |    86 |   162 |   156 |   565 |     3 ||   972
Block: Buckler           |       |       |    22 |   242 |       ||   264
       Rpst.: Falchion   |    27 |    16 |       |       |       ||    43
       Long sword        |       |    45 |     8 |    35 |       ||    88

Levels and vault maps discovered:
D:1:      saegor_arrival_simple_e, layout_loops_ring, serial_bayou_pond_e,
          minmay_misc_feat_five, minmay_misc_feat_chi, dk_noncrumbling_4
D:2:      cheibrodos_greedy_goblins, layout_basic
D:3:      minmay_octagon_keep, layout_basic, lemuel_coloured_pillars_altar,
          serial_bayou_crossing, uniq_jessica, uniq_sigmund, uniq_ijyb,
          uniq_crazy_yiuf_cottage, uniq_natasha
D:4:      layout_basic, nicolae_overflow_crystal_walls
D:5:      cheibrodos_two_vegetables, layout_basic,
          chequers_temple_overflow_statue_of_worship, old_standard_altar,
          elyvilon_altar_5
D:6:      layout_layer_cave, kennysheep_mini_moat, uniq_grinder
D:7:      layout_basic, temple_pool_b, uniq_maggie
D:8:      layout_cave_pools, grunt_temple_overflow_diamond, enter_bailey_3,
          gammafunk_ghost_berserking_beasts, fedhas_altar_2, uniq_harold,
          uniq_gastronok, uniq_maurice, uniq_pikel
D:9:      minmay_inner_zag, layout_irregular_city, serial_shops,
          nicolae_shop_trees, hex_tiny, uniq_erolcha
D:10:     layout_small_grid, due_lair_maze_entry_diamond, erik_orc_2,
          enter_trove_5, uniq_erica, uniq_nergalle, uniq_sonja
D:11:     hangedman_cross_stitches, layout_basic, special_room
          [special_room_bee]
Temple:   compressed_dpeg_circular_temple
Lair:1:   layout_regular_city, grunt_forest_large_clearings, lemuel_fruit_fields
Orc:1:    layout_caves
Orc:2:    grunt_orc_gardens, layout_diamond_mine, grunt_orc_garden,
          grunt_orc_garden, grunt_orc_garden, grunt_orc_garden, serial_shops,
          shop, nicolae_shop_waterfront, shop, mines1_david, uniq_rupert,
          uniq_josephine

Notes
Turn   | Place    | Note
-------+----------+-------------------------------------------
     0 | D:1      | Dracia the Gnoll Warper began the quest for the Orb.
     0 | D:1      | Reached XP level 1. HP: 20/20 MP: 6/6
   167 | D:1      | Reached XP level 2. HP: 23/26 MP: 7/7
   417 | D:1      | Reached XP level 3. HP: 28/31 MP: 9/9
   418 | D:1      | Reached skill level 5 in Spellcasting
   468 | D:1      | Learned a level 2 spell: Blink
   472 | D:1      | Learned a level 3 spell: Gell's Gravitas
   476 | D:1      | Learned a level 3 spell: Lesser Beckoning
   480 | D:1      | Learned a level 3 spell: Teleport Other
   580 | D:1      | Reached skill level 1 in Invocations
  1043 | D:2      | Reached skill level 1 in Short Blades
  1043 | D:2      | Reached skill level 1 in Axes
  1043 | D:2      | Reached skill level 1 in Maces & Flails
  1043 | D:2      | Reached skill level 1 in Polearms
  1043 | D:2      | Reached skill level 1 in Staves
  1043 | D:2      | Reached skill level 1 in Slings
  1043 | D:2      | Reached skill level 1 in Bows
  1043 | D:2      | Reached skill level 1 in Crossbows
  1043 | D:2      | Reached skill level 1 in Stealth
  1043 | D:2      | Reached skill level 1 in Shields
  1043 | D:2      | Reached skill level 1 in Unarmed Combat
  1043 | D:2      | Reached skill level 1 in Evocations
  1203 | D:2      | Reached XP level 4. HP: 38/38 MP: 11/11
  1616 | D:2      | Reached skill level 1 in Conjurations
  1616 | D:2      | Reached skill level 1 in Hexes
  1616 | D:2      | Reached skill level 1 in Summonings
  1616 | D:2      | Reached skill level 1 in Necromancy
  1616 | D:2      | Reached skill level 1 in Transmutations
  1616 | D:2      | Reached skill level 1 in Fire Magic
  1616 | D:2      | Reached skill level 1 in Ice Magic
  1616 | D:2      | Reached skill level 1 in Air Magic
  1616 | D:2      | Reached skill level 1 in Earth Magic
  1616 | D:2      | Reached skill level 1 in Poison Magic
  2149 | D:3      | Reached XP level 5. HP: 38/43 MP: 12/12
  2471 | D:3      | Reached skill level 3 in Throwing
  2471 | D:3      | Reached skill level 3 in Armour
  2521 | D:3      | Noticed Jessica
  2521 | D:3      | Noticed Natasha
  2526 | D:3      | Killed Natasha
  2536 | D:3      | Killed Jessica
  2636 | D:3      | Noticed Sigmund
  2648 | D:3      | Killed Sigmund
  2649 | D:3      | Reached skill level 5 in Fighting
  2649 | D:3      | Reached skill level 2 in Short Blades
  2649 | D:3      | Reached skill level 5 in Long Blades
  2649 | D:3      | Reached skill level 2 in Axes
  2649 | D:3      | Reached skill level 2 in Maces & Flails
  2649 | D:3      | Reached skill level 2 in Polearms
  2649 | D:3      | Reached skill level 2 in Staves
  2649 | D:3      | Reached skill level 2 in Slings
  2649 | D:3      | Reached skill level 2 in Bows
  2649 | D:3      | Reached skill level 2 in Crossbows
  2649 | D:3      | Reached skill level 5 in Dodging
  2649 | D:3      | Reached skill level 2 in Stealth
  2649 | D:3      | Reached skill level 2 in Shields
  2649 | D:3      | Reached skill level 2 in Unarmed Combat
  2649 | D:3      | Reached skill level 2 in Invocations
  2649 | D:3      | Reached skill level 2 in Evocations
  2649 | D:3      | Reached XP level 6. HP: 24/51 MP: 14/14
  2838 | D:3      | Found a runed translucent door.
  2839 | D:3      | Noticed Crazy Yiuf
  2984 | D:3      | Noticed Ijyb
  2994 | D:3      | Paralysed by Ijyb for 2 turns
  2998 | D:3      | Killed Ijyb
  3029 | D:3      | Noticed Natasha
  3035 | D:3      | Killed Natasha
  3064 | D:3      | Found a broken altar of Ashenzari.
  3145 | D:3      | Noticed Natasha
  3161 | D:3      | Killed Natasha
  3162 | D:3      | Reached XP level 7. HP: 45/56 MP: 15/15
  3270 | D:3      | Killed Crazy Yiuf
  3396 | D:4      | Found an ornate altar of the Wu Jian Council.
  3621 | D:4      | You fall into a shaft and drop 1 floor!
  3621 | D:5      | Entered Level 5 of the Dungeon
  3793 | D:4      | Reached skill level 2 in Conjurations
  3793 | D:4      | Reached skill level 2 in Hexes
  3793 | D:4      | Reached skill level 2 in Summonings
  3793 | D:4      | Reached skill level 2 in Necromancy
  3793 | D:4      | Reached skill level 2 in Transmutations
  3793 | D:4      | Reached skill level 2 in Fire Magic
  3793 | D:4      | Reached skill level 2 in Ice Magic
  3793 | D:4      | Reached skill level 2 in Air Magic
  3793 | D:4      | Reached skill level 2 in Earth Magic
  3793 | D:4      | Reached skill level 2 in Poison Magic
  4013 | D:4      | Learned a level 4 spell: Passage of Golubria
  4405 | D:5      | Found a shimmering altar of Xom.
  4425 | D:5      | Got a steaming hand axe
  4426 | D:5      | Identified the +6 hand axe "Faaciutuf" {elec, rElec Str+4}
                  | (You found it on level 5 of the Dungeon)
  4431 | D:5      | Found a white marble altar of Elyvilon.
  4619 | D:5      | Reached skill level 3 in Invocations
  4668 | D:5      | Reached skill level 6 in Translocations
  4668 | D:5      | Reached XP level 8. HP: 41/63 MP: 16/16
  4806 | D:5      | Reached skill level 4 in Throwing
  4806 | D:5      | Reached skill level 4 in Armour
  4809 | D:5      | Reached skill level 3 in Short Blades
  4809 | D:5      | Reached skill level 3 in Axes
  4809 | D:5      | Reached skill level 3 in Maces & Flails
  4809 | D:5      | Reached skill level 3 in Polearms
  4809 | D:5      | Reached skill level 3 in Staves
  4809 | D:5      | Reached skill level 3 in Slings
  4809 | D:5      | Reached skill level 3 in Bows
  4809 | D:5      | Reached skill level 3 in Crossbows
  4809 | D:5      | Reached skill level 3 in Stealth
  4809 | D:5      | Reached skill level 3 in Shields
  4809 | D:5      | Reached skill level 3 in Unarmed Combat
  4809 | D:5      | Reached skill level 3 in Evocations
  4887 | D:5      | Found an opulent altar of Gozag.
  4888 | D:5      | Found a glowing golden altar of the Shining One.
  4888 | D:5      | Found a glowing silver altar of Zin.
  4889 | D:5      | Found a sparkling altar of Nemelex Xobeh.
  5085 | D:5      | Reached skill level 6 in Spellcasting
  5492 | D:5      | Noticed a tengu conjurer
  5505 | D:5      | Killed a tengu conjurer
  5568 | D:5      | Reached skill level 3 in Conjurations
  5568 | D:5      | Reached skill level 3 in Hexes
  5568 | D:5      | Reached skill level 3 in Summonings
  5568 | D:5      | Reached skill level 3 in Necromancy
  5568 | D:5      | Reached skill level 3 in Transmutations
  5568 | D:5      | Reached skill level 3 in Fire Magic
  5568 | D:5      | Reached skill level 3 in Ice Magic
  5568 | D:5      | Reached skill level 3 in Air Magic
  5568 | D:5      | Reached skill level 3 in Earth Magic
  5568 | D:5      | Reached skill level 3 in Poison Magic
  5568 | D:5      | Reached skill level 4 in Invocations
  5988 | D:5      | Reached skill level 6 in Fighting
  5988 | D:5      | Reached skill level 6 in Long Blades
  5988 | D:5      | Reached skill level 6 in Dodging
  5988 | D:5      | Reached XP level 9. HP: 34/69 MP: 18/18
  5992 | D:5      | Learned a level 3 spell: Mephitic Cloud
  6184 | D:5      | Gained mutation: Your natural rate of healing is unusually
                  | fast. [potion of mutation]
  6184 | D:5      | Gained mutation: You are partially covered in slimy green
                  | scales. (AC +2) [potion of mutation]
  6184 | D:5      | Gained mutation: Armour fits poorly on your strangely
                  | shaped body. [potion of mutation]
  6184 | D:5      | Gained mutation: You passively map a small area around you.
                  | [potion of mutation]
  6185 | D:5      | Lost mutation: You passively map a small area around you.
                  | [potion of mutation]
  6185 | D:5      | Gained mutation: Your magical capacity is low. (-10% MP)
                  | [potion of mutation]
  6185 | D:5      | Gained mutation: You are agile. (Dex +2) [potion of
                  | mutation]
  6408 | D:6      | Found a stormy altar of Qazlal.
  6506 | D:6      | Noticed Grinder
  6518 | D:6      | Paralysed by Grinder for 6 turns
  6527 | D:6      | Killed Grinder
  6528 | D:6      | Reached skill level 4 in Short Blades
  6528 | D:6      | Reached skill level 4 in Axes
  6528 | D:6      | Reached skill level 4 in Maces & Flails
  6528 | D:6      | Reached skill level 4 in Polearms
  6528 | D:6      | Reached skill level 4 in Staves
  6528 | D:6      | Reached skill level 4 in Slings
  6528 | D:6      | Reached skill level 4 in Bows
  6528 | D:6      | Reached skill level 4 in Crossbows
  6528 | D:6      | Reached skill level 4 in Stealth
  6528 | D:6      | Reached skill level 4 in Shields
  6528 | D:6      | Reached skill level 4 in Unarmed Combat
  6528 | D:6      | Reached skill level 4 in Evocations
  6869 | D:7      | Got a scorched trident
  6870 | D:7      | Identified the +9 trident of the Wasteland {flame, Str+3}
                  | (You found it on level 7 of the Dungeon)
  6914 | D:7      | Reached skill level 5 in Throwing
  6914 | D:7      | Reached skill level 5 in Armour
  7168 | D:7      | Noticed Maggie
  7188 | D:7      | Killed Maggie
  7409 | D:7      | Found a staircase to the Ecumenical Temple.
  7460 | D:7      | Reached skill level 5 in Invocations
  7522 | Temple   | Entered the Ecumenical Temple
  7589 | Temple   | Became a worshipper of Warmaster Okawaru
  7709 | D:8      | Noticed Maurice
  7709 | D:8      | Noticed Pikel
  7715 | D:8      | Identified a +1 robe of resistance
  7726 | D:7      | Killed Pikel
  7727 | D:7      | Reached skill level 7 in Spellcasting
  7727 | D:7      | Reached skill level 4 in Conjurations
  7727 | D:7      | Reached skill level 4 in Hexes
  7727 | D:7      | Reached skill level 4 in Summonings
  7727 | D:7      | Reached skill level 4 in Necromancy
  7727 | D:7      | Reached skill level 4 in Transmutations
  7727 | D:7      | Reached skill level 4 in Fire Magic
  7727 | D:7      | Reached skill level 4 in Ice Magic
  7727 | D:7      | Reached skill level 4 in Air Magic
  7727 | D:7      | Reached skill level 4 in Earth Magic
  7727 | D:7      | Reached skill level 4 in Poison Magic
  7727 | D:7      | Reached XP level 10. HP: 36/77 MP: 13/18
  8048 | D:8      | Killed Maurice
  8048 | D:8      | Reached * piety under Okawaru
  8049 | D:8      | Reached skill level 5 in Short Blades
  8049 | D:8      | Reached skill level 5 in Axes
  8049 | D:8      | Reached skill level 5 in Maces & Flails
  8049 | D:8      | Reached skill level 5 in Polearms
  8049 | D:8      | Reached skill level 5 in Staves
  8049 | D:8      | Reached skill level 5 in Slings
  8049 | D:8      | Reached skill level 5 in Bows
  8049 | D:8      | Reached skill level 5 in Crossbows
  8049 | D:8      | Reached skill level 5 in Stealth
  8049 | D:8      | Reached skill level 5 in Shields
  8049 | D:8      | Reached skill level 5 in Unarmed Combat
  8049 | D:8      | Reached skill level 5 in Evocations
  8063 | D:8      | Noticed Gastronok
  8065 | D:8      | Noticed Harold
  8094 | D:8      | Killed Gastronok
  8094 | D:8      | Reached ** piety under Okawaru
  8095 | D:8      | Reached skill level 7 in Fighting
  8095 | D:8      | Reached skill level 7 in Long Blades
  8095 | D:8      | Reached skill level 6 in Throwing
  8095 | D:8      | Reached skill level 6 in Armour
  8095 | D:8      | Reached skill level 7 in Dodging
  8095 | D:8      | Reached skill level 7 in Translocations
  8095 | D:8      | Reached skill level 6 in Invocations
  8112 | D:8      | Killed Harold
  8163 | D:8      | Found a flagged portal.
  8172 | Bailey   | Entered a bailey
  8278 | Bailey   | Noticed an orc knight
  8297 | Bailey   | Noticed an orc knight
  8346 | Bailey   | Killed an orc knight
  8346 | Bailey   | Reached *** piety under Okawaru
  8347 | Bailey   | Reached XP level 11. HP: 54/84 MP: 6/20
  8497 | Bailey   | Killed an orc knight
  8498 | Bailey   | Reached skill level 6 in Short Blades
  8498 | Bailey   | Reached skill level 6 in Axes
  8498 | Bailey   | Reached skill level 6 in Maces & Flails
  8498 | Bailey   | Reached skill level 6 in Polearms
  8498 | Bailey   | Reached skill level 6 in Staves
  8498 | Bailey   | Reached skill level 6 in Slings
  8498 | Bailey   | Reached skill level 6 in Bows
  8498 | Bailey   | Reached skill level 6 in Crossbows
  8498 | Bailey   | Reached skill level 6 in Stealth
  8498 | Bailey   | Reached skill level 6 in Shields
  8498 | Bailey   | Reached skill level 6 in Unarmed Combat
  8498 | Bailey   | Reached skill level 6 in Evocations
  9007 | D:8      | Reached skill level 5 in Conjurations
  9007 | D:8      | Reached skill level 5 in Hexes
  9007 | D:8      | Reached skill level 5 in Summonings
  9007 | D:8      | Reached skill level 5 in Necromancy
  9007 | D:8      | Reached skill level 5 in Transmutations
  9007 | D:8      | Reached skill level 5 in Fire Magic
  9007 | D:8      | Reached skill level 5 in Ice Magic
  9007 | D:8      | Reached skill level 5 in Air Magic
  9007 | D:8      | Reached skill level 5 in Earth Magic
  9007 | D:8      | Reached skill level 5 in Poison Magic
  9076 | D:8      | Found a blossoming altar of Fedhas.
  9096 | D:8      | Found a shimmering blue altar of Sif Muna.
  9099 | D:8      | Found a bloodstained altar of Trog.
  9102 | D:8      | Found a snail-covered altar of Cheibriados.
  9125 | D:8      | Found a transporter.
  9126 | D:8      | Noticed a two-headed ogre
  9130 | D:8      | Noticed emiel's ghost (novice DsWn)
  9130 | D:8      | Noticed a moth of wrath
  9137 | D:8      | Killed a two-headed ogre
  9137 | D:8      | Reached **** piety under Okawaru
  9138 | D:8      | Reached skill level 8 in Spellcasting
  9174 | D:8      | Found a transporter.
  9285 | D:8      | Noticed a two-headed ogre
  9298 | D:8      | Killed a two-headed ogre
  9298 | D:8      | Received a gift from Okawaru
  9548 | D:9      | Received a gift from Okawaru
  9555 | D:9      | Reached skill level 7 in Invocations
  9695 | D:9      | Noticed a two-headed ogre
  9705 | D:9      | Killed a two-headed ogre
  9705 | D:9      | Reached ***** piety under Okawaru
  9706 | D:9      | Reached skill level 8 in Fighting
  9706 | D:9      | Reached skill level 8 in Long Blades
  9706 | D:9      | Reached skill level 7 in Throwing
  9706 | D:9      | Reached skill level 7 in Armour
  9706 | D:9      | Reached skill level 8 in Dodging
  9823 | D:9      | Found Kunnocu's Book Emporium.
  9901 | D:9      | Noticed Erolcha
  9911 | D:9      | Killed Erolcha
 10274 | D:9      | Received a gift from Okawaru
 10356 | D:10     | Entered Level 10 of the Dungeon
 10363 | D:10     | Noticed Nergalle
 10390 | D:10     | Killed Nergalle
 10391 | D:10     | Reached skill level 8 in Translocations
 10398 | D:10     | Reached XP level 12. HP: 64/94 MP: 15/22
 10434 | D:10     | Learned a level 5 spell: Alistair's Intoxication
 10553 | D:10     | Noticed Sonja
 10597 | D:10     | Killed Sonja
 10597 | D:10     | Received a gift from Okawaru
 10601 | D:10     | Got a masterwork bardiche {god gift}
 10602 | D:10     | Identified the +12 bardiche "Uriurphoirr" {vorpal, rF+
                  | Str+6 Int-5} (Okawaru gifted it to you on level 10 of the
                  | Dungeon)
 10614 | D:10     | Reached skill level 7 in Short Blades
 10614 | D:10     | Reached skill level 7 in Axes
 10614 | D:10     | Reached skill level 7 in Maces & Flails
 10614 | D:10     | Reached skill level 7 in Polearms
 10614 | D:10     | Reached skill level 7 in Staves
 10614 | D:10     | Reached skill level 7 in Slings
 10614 | D:10     | Reached skill level 7 in Bows
 10614 | D:10     | Reached skill level 7 in Crossbows
 10614 | D:10     | Reached skill level 7 in Stealth
 10614 | D:10     | Reached skill level 7 in Shields
 10614 | D:10     | Reached skill level 7 in Unarmed Combat
 10614 | D:10     | Reached skill level 7 in Evocations
 10725 | D:10     | Found a staircase to the Lair.
 11139 | D:10     | Noticed Erica
 11180 | D:10     | Killed Erica
 11246 | D:10     | Reached skill level 6 in Conjurations
 11246 | D:10     | Reached skill level 6 in Hexes
 11246 | D:10     | Reached skill level 6 in Summonings
 11246 | D:10     | Reached skill level 6 in Necromancy
 11246 | D:10     | Reached skill level 6 in Transmutations
 11246 | D:10     | Reached skill level 6 in Fire Magic
 11246 | D:10     | Reached skill level 6 in Ice Magic
 11246 | D:10     | Reached skill level 6 in Air Magic
 11246 | D:10     | Reached skill level 6 in Earth Magic
 11246 | D:10     | Reached skill level 6 in Poison Magic
 11291 | D:10     | Noticed a vault guard
 11318 | D:10     | Killed a vault guard
 11319 | D:10     | Reached skill level 8 in Invocations
 11389 | D:10     | Found a portal to a secret trove of treasure.
 11569 | D:10     | Found a staircase to the Orcish Mines.
 11623 | Lair:1   | Entered Level 1 of the Lair of Beasts
 11626 | Lair:1   | Noticed a seven-headed hydra
 11690 | D:10     | Reached skill level 9 in Spellcasting
 11706 | D:10     | Killed a one-headed hydra
 11706 | D:10     | Received a gift from Okawaru
 11952 | D:10     | Reached skill level 8 in Throwing
 11952 | D:10     | Reached skill level 8 in Armour
 12043 | Orc:1    | Entered Level 1 of the Orcish Mines
 12148 | Orc:2    | Entered Level 2 of the Orcish Mines
 12194 | Orc:2    | Reached ****** piety under Okawaru
 12202 | Orc:2    | Reached skill level 9 in Fighting
 12202 | Orc:2    | Reached skill level 9 in Long Blades
 12202 | Orc:2    | Reached skill level 9 in Dodging
 12225 | Orc:2    | Noticed an ettin
 12237 | Orc:2    | Killed an ettin
 12375 | Orc:2    | Found Gexuef Joec's General Store.
 12376 | Orc:2    | Found Gekib Capp's Assorted Antiques.
 12418 | Orc:2    | Noticed Rupert
 12423 | Orc:2    | Noticed a stone giant
 12430 | Orc:2    | Found Joysch's Antique Weapon Boutique.
 12803 | Orc:2    | Noticed a sun demon
 12822 | Orc:2    | Reached XP level 13. HP: 40/101 MP: 12/23
 12825 | Orc:2    | Killed a stone giant
 12827 | Orc:2    | Mangled by Rupert

Vanquished Creatures
  Gastronok (D:8)
  A stone giant (Orc:2)
  An ettin (Orc:2)
  A hydra (D:10)
  Erica (D:10)
  Erolcha (D:9)
  Harold (D:8)
  A vault guard (D:10)
  3 two-headed ogres
  Sonja (D:10)
  Nergalle (D:10)
  Pikel (D:7)
  2 orc knights (Bailey)
  4 cyclopes
  2 orc sorcerers
  Maurice (D:8)
  Maggie (D:7)
  2 trolls
  A tengu conjurer (D:5)
  Grinder (D:6)
  A shadow (D:10)
  Sigmund (D:3)
  10 yaks
  A steam dragon (D:9)
  2 wargs
  5 water moccasins
  10 orc warriors
  A phantom (D:8)
  A sky beast (D:5)
  A necrophage (D:10)
  An ice beast (D:8)
  4 black bears (D:10)
  4 ogres
  16 wolves
  3 centaurs (D:9)
  8 bullfrogs
  2 wyvern skeletons
  A killer bee (D:9)
  4 scorpions
  7 electric eels
  2 howler monkeys (D:4)
  5 hounds
  Crazy Yiuf (D:3)
  3 jellies
  2 bullfrog skeletons
  14 orc priests
  Ijyb (D:3)
  Jessica (D:3)
  5 iguanas
  19 orc wizards
  Natasha (thrice) (D:3)
  6 worker ants
  A hound zombie (D:5)
  A hound skeleton (D:10)
  A howler monkey skeleton (D:7)
  4 gnolls (D:5)
  9 adders
  3 shadow imps
  4 white imps
  3 oozes
  An adder skeleton (D:6)
  4 dart slugs
  3 worms
  6 leopard geckos
  75 orcs
  3 ball pythons
  9 bats
  8 giant cockroaches
  24 goblins
  15 hobgoblins
  12 jackals
  3 quokkas
  5 frilled lizards
  21 kobolds
  A leopard gecko skeleton (D:4)
  10 rats
399 creatures vanquished.

Vanquished Creatures (others)
  A wyvern (D:10)
  An orc priest (D:9)
  An adder (D:10)
  42 fungi
  49 plants
94 creatures vanquished.

Grand Total: 493 creatures vanquished

Table legend: (Time is in decaauts)
 A = Elapsed time spent in this place.
 B = Non-inter-level travel time spent in this place.
 C = Inter-level travel time spent in this place.
 D = Time resting spent in this place.
 E = Time spent auto-exploring this place.
 F = Levels seen in this place.
 G = Mean time per level.
                   A        B        C        D        E       F      G
               +--------+--------+--------+--------+--------+-----+--------+
         Total |  12901 |  12382 |    519 |   1445 |   7969 |  16 |  806.3 |
       Dungeon |  11289 |  10823 |    466 |   1042 |   7347 |  11 | 1026.3 |
        Temple |     98 |     67 |     31 |      0 |     62 |   1 |   98.0 |
          Lair |     52 |     52 |      0 |      0 |      7 |   1 |   52.0 |
  Orcish Mines |    763 |    743 |     20 |    247 |    334 |   2 |  381.5 |
        Bailey |    698 |    698 |      0 |    156 |    219 |   1 |  698.0 |
               +--------+--------+--------+--------+--------+-----+--------+

Top non-repeatable levels by time:
     D:5: 2010 daAuts
    D:10: 1638 daAuts
     D:3: 1320 daAuts
     D:2: 1152 daAuts
     D:4: 1056 daAuts
     D:7: 1029 daAuts
     D:9: 915 daAuts
     D:1: 874 daAuts
     D:8: 754 daAuts
  Bailey: 698 daAuts
     D:6: 529 daAuts
   Orc:1: 461 daAuts
   Orc:2: 301 daAuts
  Temple: 98 daAuts
  Lair:1: 52 daAuts

Table legend:
 A = Non-vault XP
 B = Vault XP
 C = Vault XP percentage of total XP
 D = Non-vault monster count
 E = Vault monster count
 F = Vault count percentage of total count
                 A         B        C        D         E       F
            +---------+---------+-------+---------+---------+-------
      Total |   13915 |   19625 |  58.5 |     266 |     134 |  33.5
            +---------+---------+-------+---------+---------+-------
        D:1 |      64 |       0 |   0.0 |      31 |       0 |   0.0
        D:2 |      63 |      25 |  28.4 |      20 |      13 |  39.4
        D:3 |     134 |     398 |  74.8 |      26 |      15 |  36.6
        D:4 |     272 |       0 |   0.0 |      14 |       0 |   0.0
        D:5 |     776 |     642 |  45.3 |      38 |       9 |  19.1
        D:6 |     364 |     272 |  42.8 |      18 |       1 |   5.3
        D:7 |     749 |     996 |  57.1 |      24 |       2 |   7.7
        D:8 |    2547 |    3566 |  58.3 |      19 |       7 |  26.9
        D:9 |    3327 |    1152 |  25.7 |      26 |       5 |  16.1
       D:10 |    2790 |    7278 |  72.3 |      33 |      49 |  59.8
     Lair:1 |       0 |     119 | 100.0 |       0 |       1 | 100.0
      Orc:1 |    1393 |       0 |   0.0 |       8 |       0 |   0.0
      Orc:2 |    1436 |    3657 |  71.8 |       9 |       5 |  35.7
     Bailey |       0 |    1520 | 100.0 |       0 |      27 | 100.0
            +---------+---------+-------+---------+---------+-------
